Map: 애씨드 플랜트 - 래더

Players

Solar - Winner!

  • Race: Zerg Zerg
  • League: Platinum
  • Spawn Location: 5:00

SortOf

  • Race: Zerg Zerg
  • League: Master
  • Spawn Location: 11:00

Event: HomeStory Cup XVIII

VOD

Have the link to the VOD?

Description

Time

  • Played on: Nov. 23, 2018, 10:50 a.m.
  • Length: 19:19

All games in this series

Show
View Real Time Build Order
Export as new Build Order

Solar Zerg - Winner!

Build Orders: Hatch First, Lurkers 

Get SALT Encoding   

  12  0:01  Drone  
  13  0:12  Overlord  
  13  0:17  Drone  
  14  0:30  Drone x2  
  16  0:48  Hatchery  
  15  0:51  Drone  
  15  0:54  Drone  
  17  0:58  Drone  
  18  1:06  Extractor  
  17  1:16  Spawning Pool  
  17  1:17  Drone  
  17  1:20  Drone  
  18  1:28  Drone  
  19  1:38  Drone  
  20  1:49  Overlord  
  20  2:02  Drone x2  
  20  2:03  Queen x2  
  20  2:06  Metabolic Boost  
  26  2:11  Drone  
  26  2:13  Drone  
  28  2:21  Drone x2  
  30  2:35  Hatchery  
  29  2:38  Drone  
  29  2:39  Drone  
  31  2:46  Baneling Nest  
  31  2:47  Drone  
  31  2:49  Zergling x2  
  32  2:54  Overlord  
  32  2:56  Drone  
  33  3:04  Drone x2  
  35  3:11  Zergling x2  
  36  3:15  Queen  
  36  3:16  Drone x2  
  36  3:17  Zergling x2  
  36  3:18  Drone  
  42  3:20  Zergling x2  
  42  3:23  Overlord  
  43  3:27  Drone  
  43  3:32  Evolution Chamber, Baneling  
  43  3:36  Drone  
  44  3:43  Drone x2  
  44  3:44  Drone  
  44  3:46  Drone x3  
  44  3:47  Drone  
  50  3:50  Zergling x2  
  51  3:57  Overlord  
  51  3:58  Drone  
  51  3:59  Zerg Missile Weapons Level 1  
  51  4:00  Drone  
  51  4:02  Extractor  
  52  4:07  Roach Warren  
  52  4:08  Drone x2  
  53  4:13  Drone  
  53  4:14  Overlord  
  53  4:15  Drone x2  
  56  4:18  Lair  
  56  4:20  Drone x2  
  56  4:22  Extractor  
  57  4:24  Drone x2  
  57  4:25  Drone  
  57  4:27  Drone  
  57  4:29  Overlord  
  62  4:31  Drone  
  62  4:33  Drone  
  62  4:34  Drone  
  62  4:35  Drone  
  64  4:41  Drone x2  
  64  4:42  Extractor  
  65  4:46  Drone  
  65  4:47  Drone x3  
  65  4:49  Drone x3  
  65  4:52  Baneling x2  
  72  4:53  Zergling x2  
  72  4:55  Zergling x4  
  72  4:56  Zergling x4  
  72  4:59  Overlord  
  77  5:06  Zergling x4  
  79  5:08  Overlord  
  79  5:15  Drone  
  79  5:16  Drone  
  79  5:19  Drone x6  
  79  5:20  Extractor  
  83  5:21  Pneumatized Carapace  
  83  5:28  Drone x3  
  86  5:29  Overlord  
  86  5:32  Extractor  
  86  5:33  Overseer, Hatchery  
  86  5:34  Overseer, Evolution Chamber, Roach x2  
  87  5:36  Roach  
  89  5:43  Roach x2  
  89  5:44  Overlord  
  89  5:49  Roach x2  
  96  5:54  Overlord  
  96  5:55  Overlord x4  
  95  6:01  Roach x4  
  95  6:02  Baneling x2  
  103  6:07  Zerg Ground Armor Level 1  
  103  6:08  Zerg Missile Weapons Level 2  
  103  6:15  Roach x4  
  103  6:16  Extractor  
  110  6:20  Roach x3  
  110  6:22  Overlord  
  116  6:26  Roach  
  116  6:27  Roach x2  
  116  6:30  Overseer, Roach  
  116  6:32  Roach  
  126  6:36  Roach, Spore Crawler  
  126  6:38  Overlord  
  127  6:41  Roach x2  
  131  6:48  Roach x3  
  131  6:52  Overlord  
  131  6:53  Spore Crawler  
  136  6:56  Roach x3  
  136  7:00  Overlord  
  140  7:02  Roach x2  
  140  7:08  Roach x2  
  148  7:12  Roach x2  
  148  7:14  Roach  
  155  7:16  Roach  
  155  7:17  Roach  
  155  7:24  Burrow  
  155  7:26  Overlord  
  155  7:28  Glial Reconstitution  
  155  7:32  Ravager x2  
  155  7:33  Ravager x2  
  155  7:34  Drone  
  155  7:35  Drone  
  155  7:36  Roach Warren  
  160  7:38  Roach x3  
  160  7:41  Overlord x2  
  160  7:42  Overlord  
  166  7:44  Queen  
  166  7:45  Drone  
  166  7:46  Drone  
  166  7:48  Drone  
  175  7:51  Roach x2  
  175  7:52  Overlord  
  175  7:58  Overlord  
  175  8:02  Overlord, Hydralisk Den  
  175  8:03  Overseer  
  174  8:12  Roach x4  
  182  8:14  Overlord  
  182  8:16  Tunneling Claws, Ravager  
  182  8:18  Overlord  
  183  8:20  Overseer  
  183  8:22  Roach x2  
  187  8:29  Roach x3  
  187  8:30  Roach x2  
  187  8:31  Roach  
  187  8:32  Roach  
  200  8:54  Grooved Spines  
  200  8:57  Lurker Den, Overlord  
  198  9:11  Roach  
  190  9:17  Roach x2  
  190  9:24  Roach  
  190  9:25  Roach x4  
  190  9:26  Roach x2  
  190  9:27  Roach x2  
  190  9:29  Roach x2  
  198  9:35  Infestation Pit  
  198  9:36  Roach x4  
  197  9:39  Ravager  
  197  9:40  Ravager  
  197  9:42  Ravager  
  197  9:43  Roach  
  197  9:44  Roach x4  
  200  9:57  Spine Crawler  
  199  10:04  Roach x4  
  199  10:05  Roach x2  
  199  10:06  Muscular Augments, Roach x2  
  195  10:07  Hydralisk x2  
  195  10:10  Roach  
  195  10:12  Ravager  
  195  10:13  Roach  
  200  10:15  Roach  
  200  10:18  Roach  
  200  10:20  Roach x10  
  200  10:21  Roach x2  
  200  10:25  Hive  
  192  10:34  Hydralisk x4  
  200  10:36  Zerg Ground Armor Level 2  
  200  10:38  Hatchery  
  199  10:49  Drone  
  198  11:07  Extractor  
  198  11:10  Extractor, Hydralisk x4  
  199  11:14  Lurker  
  200  11:27  Nydus Network  
  199  11:38  Zerg Missile Weapons Level 3  
  199  11:39  Adaptive Talons  
  188  11:49  Viper  
  188  11:50  Viper x4  
  188  11:51  Overlord  
  197  12:00  Hydralisk x2  
  197  12:01  Hydralisk x2  
  196  12:03  Hydralisk x10  
  194  12:08  Roach x22  
  194  12:14  Drone x2  
  194  12:15  Drone x3  
  197  12:17  Lurker x3  
  195  12:31  Hydralisk x2  
  193  12:38  Hydralisk x4  
  193  12:42  Overseer, Hatchery  
  193  12:43  Overseer x3  
  194  12:44  Hydralisk x3  
  200  12:51  Extractor  
  200  12:52  Overlord  
  200  12:53  Spine Crawler x2  
  200  12:54  Overlord  
  200  12:55  Overlord  
  200  12:57  Overlord  
  197  13:00  Overlord x2  
  197  13:01  Overlord  
  197  13:04  Overlord  
  195  13:05  Overlord  
  195  13:08  Overlord  
  195  13:09  Overlord  
  195  13:11  Hydralisk x2  
  199  13:17  Overlord  
  191  13:20  Hydralisk x4  
  191  13:25  Hydralisk x2  
  199  13:29  Nydus Canal  
  199  13:33  Lurker  
  200  13:51  Overseer  
  200  13:59  Hydralisk x3  
  198  14:07  Roach x2  
  183  14:12  Hydralisk x2  
  183  14:13  Hydralisk x5  
  183  14:14  Hydralisk x6  
  192  14:21  Drone  
  192  14:22  Spine Crawler x2, Roach  
  192  14:23  Spore Crawler  
  186  14:27  Lurker x4  
  186  14:29  Roach x4  
  198  14:33  Roach  
  198  14:38  Overseer  
  200  14:39  Overseer  
  200  14:55  Spine Crawler  
  200  14:56  Spine Crawler, Spore Crawler  
  197  15:08  Hydralisk  
  197  15:09  Drone  
  197  15:11  Drone x2  
  197  15:12  Drone x2  
  196  15:14  Drone  
  196  15:17  Drone  
  196  15:21  Drone  
  196  15:23  Drone x2  
  196  15:26  Spine Crawler  
  196  15:27  Spine Crawler  
  197  15:30  Hydralisk  
  197  15:34  Drone  
  188  15:43  Hydralisk x2  
  188  15:48  Hydralisk x5  
  188  15:49  Hydralisk x2  
  167  15:50  Roach x2  
  167  15:52  Hydralisk  
  167  15:53  Hydralisk x3  
  172  16:00  Lurker x7  
  172  16:02  Viper x3  
  172  16:03  Viper  
  186  16:11  Roach x4  
  195  16:14  Hydralisk x2  
  190  16:23  Hydralisk x4  
  190  16:26  Hydralisk x2  
  190  16:27  Hydralisk  
  194  16:37  Roach x3  
  200  16:45  Hydralisk x2  
  190  16:50  Overseer x4  
  190  16:53  Hatchery  
  189  16:55  Roach  
  186  17:03  Hydralisk x2  
  186  17:04  Hydralisk  
  186  17:07  Roach  
  194  17:21  Hydralisk x2  
  194  17:22  Hydralisk, Roach  
  185  17:23  Roach  
  181  17:33  Viper x3  
  187  17:37  Lurker  
  185  17:46  Hydralisk x3  
  186  17:55  Roach x3  
  192  18:00  Hydralisk x2  
  196  18:10  Drone  
  197  18:14  Viper  
  200  18:26  Hatchery  
  199  18:29  Hydralisk x2  
Show
View Real Time Build Order
Export as new Build Order

SortOf Zerg 

Build Orders: Hatch First, Lurkers 

Get SALT Encoding   

  12  0:00  Drone  
  13  0:13  Overlord  
  13  0:17  Drone  
  14  0:32  Drone x2  
  16  0:49  Hatchery  
  15  0:53  Drone  
  15  0:56  Drone  
  17  1:00  Drone  
  18  1:11  Extractor  
  17  1:16  Spawning Pool  
  17  1:18  Drone  
  17  1:21  Drone  
  18  1:29  Drone  
  19  1:40  Drone  
  20  1:50  Overlord  
  20  2:02  Queen x2, Drone x2  
  26  2:11  Metabolic Boost  
  26  2:13  Drone x2  
  28  2:24  Drone x2  
  30  2:35  Hatchery  
  29  2:37  Drone  
  29  2:40  Drone  
  31  2:47  Drone, Baneling Nest  
  31  2:52  Overlord  
  31  2:59  Queen  
  31  3:00  Zergling x2  
  31  3:02  Zergling x2  
  35  3:09  Drone  
  35  3:12  Drone x2  
  38  3:13  Drone x2  
  38  3:15  Drone  
  38  3:18  Drone  
  43  3:20  Drone  
  43  3:22  Zergling x2  
  43  3:25  Overlord  
  44  3:30  Baneling  
  44  3:31  Evolution Chamber  
  44  3:32  Extractor, Baneling  
  42  3:40  Drone x2  
  44  3:43  Overlord  
  44  3:45  Zergling x4  
  44  3:47  Drone x2  
  48  3:53  Drone x2  
  48  3:54  Drone  
  51  3:57  Extractor  
  51  3:59  Zerg Missile Weapons Level 1  
  51  4:02  Drone x2  
  51  4:04  Zergling x2  
  52  4:10  Drone x2  
  52  4:12  Drone  
  52  4:13  Drone  
  52  4:14  Roach Warren  
  52  4:15  Drone  
  56  4:18  Baneling  
  56  4:19  Zergling x4  
  56  4:23  Overlord  
  58  4:25  Drone  
  58  4:27  Drone  
  60  4:31  Lair  
  60  4:33  Overlord  
  60  4:42  Drone x3  
  60  4:43  Drone x2  
  65  4:47  Drone x2  
  65  4:50  Drone x2  
  65  4:51  Drone  
  70  4:54  Overlord  
  70  4:56  Drone x3  
  73  5:00  Drone x2  
  73  5:05  Drone  
  75  5:11  Overlord  
  75  5:14  Extractor x2  
  75  5:19  Zergling x6  
  78  5:21  Roach x3  
  78  5:22  Baneling x3  
  78  5:26  Drone x2  
  78  5:27  Drone, Hatchery  
  82  5:29  Pneumatized Carapace  
  82  5:31  Extractor, Drone x2  
  82  5:32  Drone  
  82  5:33  Drone  
  82  5:35  Glial Reconstitution  
  85  5:37  Baneling  
  85  5:41  Overlord  
  85  5:45  Roach x3  
  91  5:50  Overlord  
  91  5:55  Roach x3  
  91  5:57  Overlord x2  
  97  6:00  Overseer  
  97  6:02  Overlord  
  97  6:04  Overlord  
  97  6:18  Roach x7  
  111  6:20  Zerg Missile Weapons Level 2  
  111  6:25  Overseer  
  111  6:27  Evolution Chamber, Roach x4  
  111  6:28  Overlord  
  118  6:39  Drone x2, Spore Crawler  
  119  6:40  Spore Crawler  
  119  6:41  Roach x4  
  119  6:44  Overlord  
  126  6:47  Overlord  
  126  7:03  Overlord  
  126  7:04  Roach x8  
  138  7:09  Zerg Ground Armor Level 1  
  138  7:13  Hydralisk Den  
  137  7:18  Roach x4  
  137  7:21  Drone  
  137  7:22  Roach x2  
  144  7:32  Roach x3  
  144  7:33  Roach x3  
  156  7:40  Ravager  
  156  7:41  Ravager x4, Roach  
  156  7:42  Overlord, Roach x2  
  167  7:48  Overlord  
  167  7:55  Lurker Den, Overseer  
  166  8:04  Drone x2, Muscular Augments  
  166  8:05  Drone x5  
  173  8:07  Roach x3  
  173  8:09  Overlord  
  173  8:11  Overlord  
  179  8:22  Overlord  
  179  8:23  Overlord  
  179  8:30  Overseer, Drone x2  
  179  8:31  Drone  
  179  8:32  Extractor, Hydralisk  
  179  8:33  Extractor, Hydralisk x5  
  187  8:35  Overseer  
  187  8:42  Hydralisk x4  
  195  8:59  Spine Crawler  
  194  9:03  Spine Crawler  
  194  9:09  Spine Crawler  
  189  9:12  Roach x7  
  198  9:17  Spine Crawler  
  189  9:29  Drone x5  
  176  9:31  Zerg Ground Armor Level 2  
  176  9:32  Drone  
  176  9:33  Drone x7  
  176  9:35  Infestation Pit  
  183  9:38  Overseer  
  183  9:42  Lurker x3  
  183  9:43  Lurker  
  187  9:50  Roach x4  
  189  10:11  Hydralisk x5  
  199  10:19  Hive  
  197  10:22  Drone x2  
  197  10:23  Spine Crawler  
  197  10:24  Spine Crawler  
  197  10:25  Spine Crawler, Spore Crawler  
  197  10:27  Grooved Spines  
  193  10:29  Overlord  
  193  10:35  Spine Crawler  
  193  10:36  Spine Crawler  
  193  10:40  Spore Crawler  
  193  10:41  Spine Crawler  
  189  10:48  Lurker x3  
  189  10:49  Hydralisk  
  191  10:54  Overlord  
  191  10:56  Lurker  
  192  10:57  Overlord  
  192  10:59  Spine Crawler  
  192  11:00  Spine Crawler  
  192  11:04  Spine Crawler  
  189  11:06  Hydralisk x5  
  197  11:21  Drone  
  198  11:42  Hatchery  
  191  11:51  Roach x8  
  200  11:55  Adaptive Talons  
  200  11:56  Zerg Missile Weapons Level 3, Zerg Ground Armor Level 3  
  196  12:04  Overlord  
  196  12:11  Overlord  
  196  12:29  Hydralisk x2  
  200  12:41  Viper  
  199  12:59  Overlord  
  199  13:06  Spore Crawler  
  199  13:07  Spore Crawler  
  197  13:13  Viper  
  197  13:16  Evolution Chamber  
  191  13:21  Overseer  
  191  13:22  Viper x2  
  191  13:23  Viper x2  
  191  13:25  Overseer x2  
  191  13:26  Overseer x2  
  183  13:27  Hydralisk x6  
  183  13:28  Hydralisk x2  
  199  13:35  Lurker  
  198  13:59  Extractor  
  184  14:03  Extractor  
  178  14:14  Hydralisk x10  
  178  14:15  Hydralisk  
  193  14:18  Overlord  
  191  14:25  Hydralisk  
  191  14:26  Hydralisk x3  
  199  14:31  Overlord  
  199  14:36  Lurker  
  200  14:41  Hatchery  
  199  14:54  Hatchery  
  199  14:55  Lurker  
  199  14:56  Lurker  
  199  14:57  Hatchery  
  191  15:18  Hydralisk x10  
  179  15:52  Hydralisk x10  
  199  16:01  Evolution Chamber  
  199  16:02  Evolution Chamber  
  199  16:04  Viper  
  186  16:32  Viper x3  
  172  16:37  Drone x3  
  172  16:38  Drone x2  
  174  16:40  Hydralisk  
  174  16:41  Hydralisk x3  
  174  16:44  Spawning Pool  
  174  16:45  Lurker  
  174  16:46  Lurker x2  
  173  16:48  Lurker x4  
  173  16:50  Drone x7  
  174  17:03  Drone x4  
  176  17:15  Hydralisk x6  
  157  17:30  Hydralisk  
  157  17:31  Hydralisk x3  
  157  17:35  Drone x2  
  163  17:39  Overseer  
  159  17:55  Hydralisk x7  
  173  18:09  Hydralisk x4  
  181  18:17  Spine Crawler, Spore Crawler  
  181  18:19  Hydralisk  
  181  18:20  Spore Crawler  
  178  18:30  Hydralisk x3  
  184  18:38  Hatchery  
Tags
 
Add a new tag
Caveats
  • Supply blocks, unpowered buildings, or Contaminate may cause inaccurate times.
  • Supply counts are checked every 10 seconds.